 Dungeon Crawl Stone Soup version 0.30.1-11-g7821555f0a (webtiles) character file.

Game seed: 3535839378632743776

2522542 grothendieck the Slayer (level 27, 242/242 HPs)
             Began as a Barachi Ice Elementalist on Dec 11, 2023.
             Was the Champion of Cheibriados.
             Escaped with the Orb
             ... and 5 runes on Dec 15, 2023!
             The game lasted 12:39:40 (100333 turns).

grothendieck the Slayer (BaIE)                    Turns: 100333, Time: 12:39:41

Health: 242/242    AC: 36    Str: 24      XL:     27
Magic:  39/39      EV: 18    Int: 38      God:    Cheibriados [******]
Gold:   6272       SH: 22    Dex: 30 (31) Spells: 0/59 levels left

rFire   + + .        a - +9 demon blade (spect)
rCold   + + .        y - +5 Storm Queen's Shield {shock, Fly rElec}
rNeg    + . .        w - +10 plate armour {Will+}
rPois   +            c - -2 hat of the Alchemist {rElec rPois rF+ rC+ rN+ Will+ rMut rCorr}
rElec   +            V - scarf {rC+ rF+}
rCorr   +            g - +1 pair of gloves of Ceveigot {Will+ Regen+ Int-2 Stlth+}
SInv    .            T - +2 pair of boots
Will    +++++        h - amulet of regeneration
Stlth   +            K - +4 ring of protection
HPRegen 2.20/turn    Y - ring of Awe {Wiz Slay+2}
MPRegen 0.26/turn

%: resist mutation, wizardry (x1)
@: flying, very slow
A: amphibious, slowness 1, strong legs 2, +LOS, talons 1, thin skeletal
structure 1, clumsy 1, deterioration 1, low MP 1, mutation resistance 1, weak 1,
MP-powered wands
0: Orb of Zot
}: 5/15 runes: decaying, slimy, silver, abyssal, gossamer
a: Hop, Renounce Religion, Bend Time, Temporal Distortion, Slouch, Step From
Time


You escaped.
You worshipped Cheibriados.
Cheibriados was exalted by your worship.
You visited 12 branches of the dungeon, and saw 56 of its levels.
You visited the Abyss 1 time.
You also visited: Trove, Sewer and Wizlab.

You collected 10653 gold pieces.
You spent 4381 gold pieces at shops.

Inventory:

Hand Weapons
 a - a +9 spectral demon blade (weapon)
 b - a +4 heavy demon blade
 l - a +3 eudemon blade of holy wrath
Missiles
 k - 4 throwing nets {!f}
 M - 15 javelins
 U - 6 poisoned darts
 W - 22 curare-tipped darts (quivered) {!f}
Armour
 c - the -2 hat of the Alchemist (worn) {rElec rPois rF+ rC+ rN+ Will+ rMut rCorr}
   (You found it on level 5 of the Pits of Slime)

   rF:        It protects you from fire.
   rC:        It protects you from cold.
   rElec:     It insulates you from electricity.
   rPois:     It protects you from poison.
   rN:        It protects you from negative energy.
   rCorr:     It protects you from acid and corrosion.
   rMut:      It protects you from mutation.
   Will:      It increases your willpower.
 g - the +1 pair of gloves of Ceveigot (worn) {Will+ Regen+ Int-2 Stlth+}
   (You acquired it on level 1 of the Spider Nest)

   Int:       It affects your intelligence (-2).
   Regen:     It increases your rate of health regeneration.
   Will:      It increases your willpower.
   Stlth:     It makes you more stealthy.
 w - a +10 plate armour of willpower (worn)
 y - the +5 Storm Queen's Shield (worn) {shock, Fly rElec}
   (You found it on level 13 of the Dungeon)

   Shock:     When it blocks an attack, it may electrocute the attacker.
   This works even against foes who are a short distance away.
   rElec:     It insulates you from electricity.
   Fly:       It grants you flight.
 D - the +4 ring mail of Jocular Mirth {Will+}
   (You found it on level 1 of the Swamp)

   Will:      It increases your willpower.
 T - a +2 pair of boots (worn)
 V - a scarf of resistance (worn)
Magical Staves
 P - the staff of fire "Icsass" {rF+ Dex+3}
   (You found it on level 1 of the Realm of Zot)

   [staff of fire]

   Base accuracy: +5 Base damage: 5 Base attack delay: 1.2 This weapon's minimum
   attack delay (0.6) is reached at skill level 12.
   Dex:       It affects your dexterity (+3).
   rF:        It protects you from fire.
   It falls into the 'Staves' category.
   It is a one-handed weapon.
Jewellery
 h - an amulet of regeneration (around neck)
 q - the ring of Xom's Attic {rF+ rN+}
   (You took it off a skeletal warrior on level 3 of the Crypt)

   [ring of positive energy]

   rF:        It protects you from fire.
   rN:        It protects you from negative energy.
 s - a ring of wizardry
 A - the ring "Koumad" {Fly rElec rN+ Int-2 SInv}
   (You took it off a deep elf high priest on level 3 of the Elven Halls)

   [ring of flight]

   Int:       It affects your intelligence (-2).
   rElec:     It insulates you from electricity.
   rN:        It protects you from negative energy.
   SInv:      It lets you see invisible.
   Fly:       It grants you flight.
 K - a +4 ring of protection (left hand)
 Y - the ring of Awe (right hand) {Wiz Slay+2}
   (You took it off a vault guard on level 5 of the Vaults)

   [ring of wizardry]

   It improves your spell success rate.
   Slay:      It affects your accuracy & damage with ranged weapons and melee
   (+2).
Wands
 d - a wand of iceblast (44)
 i - a wand of quicksilver (44)
 I - a wand of charming (71)
 X - a wand of digging (22)
Scrolls
 f - 14 scrolls of teleportation
 o - 10 scrolls of fear
 u - a scroll of enchant armour
 v - 8 scrolls of vulnerability {!r}
 x - 13 scrolls of fog
 z - 16 scrolls of immolation {!r}
 F - 10 scrolls of blinking
 J - 4 scrolls of silence
 L - 2 scrolls of magic mapping
Potions
 e - 7 potions of resistance
 j - 3 potions of cancellation
 m - 13 potions of might
 n - 12 potions of magic
 r - 7 potions of attraction {!q}
 t - 16 potions of heal wounds
 B - 3 potions of invisibility
 C - 5 potions of berserk rage
 E - 15 potions of curing
 G - 12 potions of brilliance
 H - 9 potions of mutation {!q}
 Q - 8 potions of ambrosia
 S - a potion of haste
Miscellaneous
 p - a phial of floods
 O - a lightning rod (4/4)
 Z - a phantom mirror


   Skills:
 + Level 25.0 Fighting
 - Level 14.0 Long Blades
 - Level 17.0 Armour
 - Level 12.7 Dodging
 - Level 2.3 Stealth
 - Level 15.0 Shields
 - Level 16.7 Spellcasting
 * Level 19.1 Conjurations
 - Level 5.6 Hexes
 - Level 15.0 Summonings
 - Level 13.4 Translocations
 - Level 7.3 Transmutations
 * Level 19.8 Fire Magic
 - Level 10.0 Ice Magic
 - Level 19.4 Air Magic
 - Level 8.0 Poison Magic
 - Level 12.0 Invocations


You couldn't memorise any spells.
You knew the following spells:

 Your Spells              Type           Power      Damage    Failure   Level
a - Apportation           Tloc           100%       N/A       1%          1
b - Frozen Ramparts       Ice            100%       1d16      1%          3
f - Fire Storm            Conj/Fire      55%        8d14      77%         9
g - Malign Gateway        Summ/Tloc      48%        N/A       11%         7
k - Plasma Beam           Fire/Air       55%        2x1d77    1%          6
l - Lesser Beckoning      Tloc           100%       N/A       1%          2
m - Summon Mana Viper     Hex/Summ       84%        N/A       1%          5
n - Manifold Assault      Tloc           94%        N/A       1%          4
p - Passage of Golubria   Tloc           94%        N/A       1%          4
v - Vhi's Electric Charg  Tloc/Air       100%       N/A       1%          3
w - Passwall              Tmut/Erth      46%        N/A       1%          2
M - Maxwell's Capacitive  Air            55%        ∞         10%         8
S - Silence               Hex/Air        45%        N/A       1%          5

Your spell library contained the following spells:

 Spells                   Type           Power      Damage    Failure   Level
 Foxfire                  Conj/Fire      100%       2x1d9     0%          1
 Magic Dart               Conj           100%       1d8       0%          1
 Shock                    Conj/Air       100%       1d9       0%          1
 Summon Small Mammal      Summ           100%       N/A       0%          1
 Searing Ray              Conj           100%       2d8       0%          2
 Static Discharge         Conj/Air       100%       2-7/arc   0%          2
 Swiftness                Air            100%       N/A       0%          3
 Beastly Appendage        Tmut           100%       N/A       1%          1
 Freeze                   Ice            100%       1d10      1%          1
 Kiss of Death            Conj/Necr      100%       2d13      1%          1
 Sting                    Tmut/Pois      100%       1d8       1%          1
 Cigotuvi's Dreadful Rot  Necr/Pois/Air  100%       N/A       1%          2
 Ensorcelled Hibernation  Hex/Ice        100%       N/A       1%          2
 Poisonous Vapours        Pois/Air       100%       N/A       1%          2
 Wereblood                Tmut           73%        N/A       1%          2
 Call Canine Familiar     Summ           98%        N/A       1%          3
 Confusing Touch          Hex            65%        N/A       1%          3
 Dazzling Flash           Conj/Hex       100%       N/A       1%          3
 Gell's Gravitas          Tloc           94%        N/A       1%          3
 Hailstorm                Conj/Ice       97%        3d19      1%          3
 Ignite Poison            Fire/Tmut/Pois 88%        N/A       1%          3
 Inner Flame              Hex/Fire       91%        N/A       1%          3
 Mephitic Cloud           Conj/Pois/Air  99%        N/A       1%          3
 Ozocubu's Armour         Ice            83%        N/A       1%          3
 Portal Projectile        Hex/Tloc       100%       N/A       1%          3
 Spider Form              Tmut/Pois      74%        N/A       1%          3
 Stone Arrow              Conj/Erth      100%       3d13      1%          3
 Summon Guardian Golem    Hex/Summ       84%        N/A       1%          3
 Teleport Other           Tloc           94%        N/A       1%          3
 Tukima's Dance           Hex            65%        N/A       1%          3
 Volatile Blastmotes      Fire/Tloc      100%       2d18      1%          3
 Airstrike                Air            55%        2d(8-24)  1%          4
 Animate Armour           Summ/Erth      100%       N/A       1%          4
 Flame Wave               Conj/Fire      100%       2d21      1%          4
 Fulminant Prism          Conj/Hex       45%        3d21      1%          4
 Ice Form                 Ice/Tmut       78%        N/A       1%          4
 Iskenderun's Mystic Bla  Conj/Tloc      100%       2d19      1%          4
 Olgreb's Toxic Radiance  Pois           75%        N/A       1%          4
 Sticky Flame             Conj/Fire      100%       2d11      1%          4
 Summon Ice Beast         Ice/Summ       91%        N/A       1%          4
 Summon Lightning Spire   Summ/Air       100%       N/A       1%          4
 Arcjolt                  Conj/Air       54%        1d64      1%          5
 Freezing Cloud           Conj/Ice/Air   50%        6-21      1%          5
 Irradiate                Conj/Tmut      46%        3d27      1%          5
 Summon Forest            Summ/Tloc      48%        N/A       1%          5
 Starburst                Conj/Fire      55%        6d15      1%          6
 Dispersal                Tloc           47%        N/A       2%          6
 Necrotise                Necr           100%       1d9       4%          1
 Cause Fear               Hex            32%        N/A       4%          4
 Metabolic Englaciation   Hex/Ice        37%        N/A       4%          5
 Sublimation of Blood     Necr           31%        N/A       6%          2
 Blade Hands              Tmut           36%        N/A       6%          5
 Monstrous Menagerie      Summ           49%        N/A       8%          7
 Summon Hydra             Summ           49%        N/A       8%          7
 Yara's Violent Unravell  Hex/Tmut       34%        3d14      9%          5
 Storm Form               Tmut/Air       46%        N/A       14%         7
 Eringya's Noxious Bog    Tmut/Pois      37%        N/A       26%         6
 Animate Dead             Necr           31%        N/A       38%         4
 Dispel Undead            Necr           31%        3d14      38%         4
 Summon Horrible Things   Summ           49%        N/A       47%         8
 Simulacrum               Ice/Necr       31%        N/A       58%         6
 Disjunction              Tloc           47%        N/A       69%         8
 Agony                    Necr           31%        N/A       71%         5
 Borgnjor's Vile Clutch   Necr/Erth      15%        N/A       71%         5
 Statue Form              Tmut/Erth      37%        N/A       77%         6
 Dragon Form              Tmut           36%        N/A       83%         7
 Enfeeble                 Hex            32%        N/A       96%         7
 Death Channel            Necr           15%        N/A       99%         6
 Lehudib's Crystal Spear  Conj/Erth      40%        10d10     99%         8
 Necromutation            Tmut/Necr      28%        N/A       100%        8
 Dragon's Call            Summ           49%        N/A       100%        9


Dungeon Overview and Level Annotations

Branches:
Dungeon (15/15)            Temple (1/1) D:7            Lair (5/5) D:10
  Swamp (4/4) Lair:2       Spider (4/4) Lair:2        Slime (5/5) Lair:5
    Orc (2/2) D:10            Elf (3/3) Orc:2        Vaults (5/5) D:14
  Crypt (3/3) Vaults:2       Tomb (0/3) Crypt:3      Depths (4/4) D:15
    Zot (5/5) Depths:4      Sewer (visited)          WizLab (visited)

Altars:
Ashenzari
Cheibriados
Dithmenos
Elyvilon
Fedhas
Gozag
Hepliaklqana
Kikubaaqudgha
Makhleb
Nemelex Xobeh
Okawaru
Qazlal
Ru
Sif Muna
Trog
Uskayaw
Vehumet
Wu Jian
Xom
Yredelemnul
Zin
The Shining One
Jiyva

Shops:
D:10 [   D:13 *   D:15 !   Orc:2 (*([   Vaults:1 *   Vaults:2 *   Vaults:3 *
Vaults:4 [   Depths:3 ((:

Portals:
Hell: Depths:1 Depths:2 Depths:3 Depths:4
Abyss: Depths:1 Depths:2 Depths:3
Pandemonium: Depths:2 Depths:3
Ziggurat: Depths:4

Annotations:
Crypt:2 1 runed translucent door, Hynnuzim's ghost, veteran CeHu


Innate Abilities, Weirdness & Mutations

You are amphibious.
You cover ground slowly.
You can hop long distances.
You have an extended range of vision and can be seen from far away.
You have sharp toenails.
You have a somewhat thin skeletal structure. (Dex +2, Stealth+)
You are clumsy. (Dex -2)
Your body sometimes deteriorates upon taking damage.
Your magical capacity is low. (-10% MP)
You are somewhat resistant to further mutation.
You are weak. (Str -2)
You expend magic power (3 MP) to strengthen your wands.


Message History

A Brimstone Fiend comes into view.
The Brimstone Fiend roars!
The Brimstone Fiend gestures at you.
The sphere of damnation explodes!
The damnation engulfs you!! The Brimstone Fiend gestures at you.
The sphere of damnation explodes!
The damnation engulfs you!!!
Your body deteriorates!
You feel clumsy.
There is a stone staircase leading up here.
Press: ? - help, v - describe, . - travel A stone staircase leading up.
This square is covered in magical glow.
You fly upwards.
There is a stone staircase leading down here.
A chaos spawn comes into view.
The chaos spawn buzzes angrily.
You hit the chaos spawn.
The chaos spawn is lightly wounded.
You barely miss the chaos spawn.
The chaos spawn is lightly wounded.
You block the chaos spawn's attack.
You slash the chaos spawn!
The chaos spawn is severely wounded.
You slash the chaos spawn!
The chaos spawn is almost dead.
The chaos spawn hits you. The chaos spawn shocks you. You resist.
You barely miss the chaos spawn.
The chaos spawn is almost dead.
You block the chaos spawn's attack.
Your shield discharges, shocking the chaos spawn!
You kill the chaos spawn!
Cheibriados appreciates the change of pace.
The chaos spawn degenerates into a cloud of primal chaos!
There is a staircase leading out of the dungeon here.
As you read the scroll of butterflies, it crumbles to dust.
You hear the flapping of tiny wings.
As you read the scroll of butterflies, it crumbles to dust.
You hear the flapping of tiny wings.
Your butterfly is knocked back by the sudden gust. x21
Unknown command.
You have escaped!

#.# #.###
####################.# #...#
............##.#.#.#.## ###.#
........#.#.#.#.#.#b#.# #.#
.#####.##.#bb#b#.#b#b######.##
.# #.##...b.#b#b#b#........#
.# #.#####.#bbbbbbb##.###..#
.#####.####.#b#bbbbb#b#.# #..#
...........###bb@bbb.##.# #..#
.######.###.#b#bbbbb#b..# #..#
.# #.# ##.#bbbbbbb#### #..# .#
#.# ##.#b#b#b#.# #..# .# #.#
##.#.#b#b## ##..# .# #.#
#.#.#.#b#.####...#### .# #.#
##.#.#.#.###.......#. .# #.#
#.÷##.### #.......#.
.######.###
##.#...####.......#.


There were no monsters in sight!

Vanquished Creatures
  the Royal Jelly (Slime:5)
  The ghost of reasonance the Conqueror, a legendary DsFi of Jiyva (Zot:3)
  3 ancient liches
  4 orbs of fire
  3 dread liches
  Mara (Swamp:4)
  A juggernaut (Depths:3)
  The ghost of mihai the Conqueror, a legendary MiFi of the Shining One (Zot:5)
  Boris (twice) (Depths:4 Vaults:5)
  Parghit (Depths:4)
  7 Killer Klowns (Zot:5)
  Saint Roka (Vaults:4)
  Margery (Vaults:4)
  A curse toe (Zot:5)
  Bai Suzhen (Depths:1)
  Nikola (Depths:1)
  2 bone dragons (Crypt:3)
  5 golden dragons
  Jory (Depths:3)
  A Brimstone Fiend (Depths:1)
  4 electric golems
  Jorgrun (D:12)
  A shard shrike skeleton (Crypt:3)
  Mlioglotl (Spider:4)
  Asterion (Spider:1)
  14 tentacled monstrosities
  A walking divine tome (Depths:2)
  26 Orb Guardians (Zot:5)
  Rupert (Spider:1)
  A walking earthen tome (Depths:2)
  7 liches
  4 deep elf master archers
  A walking frostbound tome (Depths:2)
  4 quicksilver dragons
  3 deep elf blademasters
  A titan (Vaults:2)
  The ghost of zaRGo the Severer, an adept MiFi of Trog (Spider:4)
  21 acid blobs
  8 tentacled starspawn (Abyss:3)
  8 sphinxes
  5 death cobs
  An Executioner (Abyss:3)
  11 ancient champions
  12 storm dragons
  6 thorn hunters
  A shadow dragon (shapeshifter) (Vaults:5)
  Donald (Swamp:2)
  Roxanne (Swamp:2)
  4 tengu reavers (Vaults:5)
  A revenant (Crypt:2)
  9 shadow dragons
  A daeva (Abyss:3)
  7 draconian monks
  14 azure jellies
  3 fenstrider witches (WizLab)
  7 rockslimes
  4 frost giants
  9 fire giants
  8 deep elf sorcerers
  2 iron dragons
  6 draconian knights
  5 emperor scorpions
  8 ghost moths
  Aizul (Swamp:3)
  20 vault wardens
  A caustic shrike zombie (Crypt:2)
  8 draconian scorchers
  4 deep elf elementalists (Elf:3)
  3 draconian shifters
  5 orc warlords
  7 cacodemons
  A juggernaut zombie (Abyss:3)
  Louise (Depths:1)
  21 ironbound preservers
  3 curse skulls
  5 spriggan defenders
  6 ghouls
  6 draconian stormcallers
  9 quicksilver oozes
  5 draconian annihilators
  6 broodmothers
  3 war gargoyles (Vaults:5)
  2 juggernaut skeletons (Crypt:3)
  9 stone giants
  A caustic shrike skeleton (Crypt:3)
  27 very ugly things
  4 ironbound thunderhulks
  6 eleionomae
  A broodmother (shapeshifter) (Vaults:5)
  8 deep elf annihilators
  10 vampire knights
  11 red draconians
  9 green draconians
  14 black draconians
  4 deep elf demonologists
  13 purple draconians
  8 dire elephants
  8 white draconians
  10 spark wasps
  A lorocyproca (Zot:3)
  Azrael (D:14)
  13 yellow draconians
  4 bunyips
  A crystal guardian (Vaults:3)
  12 ettins
  6 eidola
  Snorg (D:14)
  6 fire dragons
  8 entropy weavers
  8 deep elf death magi
  7 deep elf high priests
  12 yaktaur captains
  Josephine (D:12)
  6 shambling mangroves
  An entropy weaver (shapeshifter) (D:13)
  3 jiangshi
  5 ice dragons
  A blizzard demon (Depths:1)
  A merfolk impaler (D:12)
  A peacekeeper (Vaults:3)
  8 rakshasas
  10 great orbs of eyes
  17 hydras
  A caustic shrike simulacrum (Depths:1)
  3 ghost crabs
  A spriggan zombie (Crypt:1)
  31 vault guards
  A hell beast (Depths:2)
  2 ogre magi (Vaults:5)
  Erica (Orc:1)
  A quicksilver dragon skeleton (Crypt:3)
  2 jorogumos (Spider:4)
  9 ironbound frosthearts
  2 fenstrider witch skeletons (Crypt:1)
  2 catoblepae
  6 spriggan air magi
  11 centaur warriors
  2 two-headed ogres
  9 boulder beetles
  16 deep troll shamans
  28 dancing weapons
  2 death knights
  3 hell hogs (Depths:1)
  2 radroaches
  A two-headed ogre (shapeshifter) (Vaults:5)
  9 alligators
  2 naga warriors (D:12)
  4 tengu warriors
  8 death scarabs (Spider:4)
  8 death yaks
  The ghost of ripuliukko the Thaumaturge, a journeyman GrEE of Vehumet (D:12)
  11 thrashing horrors
  A satyr (WizLab)
  4 vampire magi
  12 deep troll earth magi
  A titan zombie (Crypt:2)
  3 naga sharpshooters (WizLab)
  8 spriggan berserkers
  An orc high priest (Orc:2)
  15 deep elf knights
  11 soul eaters
  Amaemon (Lair:3)
  4 wretched stars
  14 iron trolls
  A sun demon (D:14)
  A titan skeleton (Crypt:2)
  13 hell knights
  3 shadow wraiths
  A skyshark (Lair:4)
  A spectral ghost moth (Spider:4)
  7 sixfirhies
  8 pharaoh ants
  51 large abominations
  49 skeletal warriors
  A storm dragon skeleton (Crypt:3)
  4 spriggan druids
  A quicksilver dragon simulacrum (Crypt:2)
  4 flayed ghosts
  9 orb spiders
  7 steelbarb worms
  11 glowing orange brains
  9 goliath frogs
  84 deep trolls
  11 orc knights
  A ghost moth zombie (Crypt:1)
  5 spectral hydras (Swamp:4)
  3 spectral wolf spiders (Spider:4)
  3 harpies (Vaults:2)
  2 orange crystal statues
  6 swamp dragons
  15 deep elf archers
  A spectral jorogumo (Spider:4)
  2 wolf spider zombies
  A spriggan simulacrum (Crypt:3)
  7 bog bodies
  15 ironbound convokers
  10 wizards
  19 deep elf zephyrmancers
  A tengu zombie (Depths:1)
  An anaconda skeleton (Crypt:3)
  15 necromancers
  A lindwurm (shapeshifter) (Depths:4)
  8 lindwurms
  A mana viper (Abyss:3)
  23 phantasmal warriors
  23 wolf spiders
  A broodmother zombie (Spider:4)
  6 fauns (WizLab)
  4 oklob plants
  34 ugly things
  3 shadow dragon skeletons (Crypt:3)
  7 cyclopes
  31 deep elf pyromancers
  A worldbinder (Abyss:2)
  6 manticores
  9 shining eyes
  7 black mambas
  6 elephants
  2 salamanders (Depths:3)
  3 orc sorcerers
  An iron dragon skeleton (Crypt:3)
  3 will-o-the-wisps
  29 moths of wrath
  4 demonic crawlers
  3 dire elephant zombies
  21 vault sentinels
  A stone giant skeleton (Crypt:3)
  A centaur zombie (Crypt:3)
  A titan simulacrum (Crypt:1)
  4 eyes of devastation
  2 orange demons
  9 smoke demons
  2 centaur skeletons (Crypt:3)
  7 torpor snails
  2 rust devils
  16 cane toads
  A guardian serpent (Abyss:3)
  5 spectral redbacks (Spider:4)
  An emperor scorpion simulacrum (Spider:4)
  An unseen horror (shapeshifter) (D:15)
  A yellow draconian zombie (Crypt:1)
  5 rime drakes
  3 unseen horrors
  7 freezing wraiths
  A ghost moth simulacrum (Spider:4)
  7 komodo dragons
  3 kobold demonologists
  8 swamp worm zombies (Crypt:2)
  2 naga skeletons (Crypt:3)
  2 efreet
  2 torpor snails (shapeshifter)
  43 yaktaurs
  A tormentor (D:12)
  A steelbarb worm zombie (Crypt:3)
  2 black draconian skeletons
  2 redback zombies (Spider:4)
  2 ice devils
  An unseen horror skeleton (Crypt:3)
  2 tengu conjurers (Depths:2)
  2 red devils (D:15)
  2 harpy zombies
  An alligator snapping turtle skeleton (Abyss:3)
  A queen bee (shapeshifter) (Depths:2)
  A bloated husk (Swamp:1)
  6 spriggan skeletons
  3 ancient zymes (Abyss:3)
  3 hydra zombies
  A polar bear (shapeshifter) (D:14)
  9 trolls
  A death drake zombie (Swamp:4)
  A sea snake skeleton (Crypt:3)
  4 meliai
  2 polar bears
  16 tyrant leeches
  A wolf spider simulacrum (D:15)
  3 spectral jumping spiders (Spider:4)
  2 hellwings
  2 hydra skeletons (Swamp:4)
  29 blink frogs
  26 tarantellas
  9 raiju (Abyss:3)
  A blink frog (shapeshifter) (Elf:1)
  8 dream sheep (Lair:5)
  3 death drake skeletons
  31 hornets
  A meliai zombie (Crypt:2)
  A harpy skeleton (Crypt:3)
  The ghost of vvlvvlvvl the Digger, an amateur DsEE (D:4)
  2 tarantella zombies (Spider:4)
  A jumping spider zombie (Crypt:3)
  A human simulacrum (Vaults:1)
  34 jumping spiders
  An ettin skeleton (Crypt:3)
  120 slime creatures
  20 spriggans
  A spriggan (shapeshifter) (Vaults:5)
  5 ynoxinuls
  22 culicivoras
  77 yaks
  25 flying skulls
  6 fire elementals
  12 wraiths
  A wyvern (shapeshifter) (Elf:3)
  2 basilisks
  13 water elementals
  5 neqoxecs
  8 wyverns
  6 golden eyes (Abyss:3)
  54 redbacks
  2 wind drake skeletons
  7 chaos spawn
  2 wargs
  A spectral entropy weaver (Spider:4)
  A human zombie (Depths:1)
  17 vampire mosquitoes
  A glowing shapeshifter zombie (Vaults:1)
  A steam dragon (D:8)
  An acid dragon (D:13)
  An ogre zombie (Vaults:1)
  17 swamp worms
  16 water moccasins
  7 hydra simulacra
  5 hell hounds
  A floating eye (shapeshifter) (Vaults:5)
  6 swamp drakes
  2 ice beasts
  A sky beast (D:7)
  A floating eye (Abyss:3)
  33 orc warriors
  6 ogres
  6 black bears
  3 swamp dragon zombies
  23 small abominations
  15 wolves
  7 centaurs
  A swamp dragon skeleton (Swamp:4)
  2 phantoms
  A nameless horror (Orc:2)
  2 kobold brigands
  A necrophage (Crypt:2)
  5 scorpions
  11 bullfrogs
  A gnoll sergeant (D:5)
  An earth elemental (Elf:1)
  An elf skeleton (Crypt:3)
  2 entropy weaver simulacra (Spider:4)
  2 wights (Abyss:3)
  A yak zombie (Crypt:2)
  20 killer bees
  4 howler monkeys
  3 electric eels
  2 jellies
  6 quasits
  44 starcursed masses
  3 hounds
  25 orc priests
  Crazy Yiuf (D:3)
  3 gnoll boudas
  An iguana (D:6)
  Jessica (D:2)
  A basilisk skeleton (Crypt:3)
  A hell rat (Lair:5)
  24 orc wizards
  2 polar bear simulacra (Lair:4)
  Terence (D:2)
  2 boggart skeletons
  2 yak simulacra (Lair:4)
  3 wolf simulacra (Lair:4)
  A deep dwarf skeleton (Crypt:3)
  21 gnolls
  9 river rats
  A swamp drake zombie (Crypt:1)
  9 adders
  2 shadow imps (D:6)
  4 white imps
  4 ufetubi
  A worm (D:3)
  3 dart slugs
  94 orcs
  16 ball pythons
  2 bats (D:2)
  A bat zombie (Crypt:2)
  4 endoplasms
  5 giant cockroaches
  6 goblins
  8 hobgoblins
  3 jackals (D:3)
  4 quokkas
  4 frilled lizards
  A gnoll skeleton (Crypt:1)
  19 kobolds
  An orc skeleton (Crypt:3)
  32 rats
  A rat zombie (Crypt:1)
  4 river rat simulacra (Lair:4)
  A butterfly (D:7)
  3 starspawn tentacles (Abyss:3)
2904 creatures vanquished.

Vanquished Creatures (collateral kills)
  2 acid blobs (Slime:5)
  A deep elf sorcerer (Elf:3)
  A very ugly thing (Depths:1)
  A deep elf annihilator (Elf:3)
  2 two-headed ogres (D:9)
  A sun demon (D:15)
  An orc sorcerer (Orc:2)
  A will-o-the-wisp (Swamp:2)
  A redback zombie (Spider:4)
  3 slime creatures (Slime:3)
  Grum (D:11)
  A neqoxec (D:15)
  A redback (Spider:4)
  A warg (Orc:2)
  A hell hound (D:14)
  2 orc warriors (Orc:2)
  2 ice beasts
  An ogre (Orc:1)
  A bullfrog (D:8)
  3 killer bees (D:8)
  An orc wizard (Orc:2)
  A gnoll (D:5)
  3 orcs (Orc:2)
33 creatures vanquished.

Vanquished Creatures (others)
  An eldritch tentacle (Zot:3)
  2 fire giants
  A goliath frog (Swamp:4)
  A deep elf archer (Elf:3)
  An orc sorcerer (Orc:1)
  4 bloated husks
  A tyrant leech (Swamp:2)
  A culicivora (Spider:4)
  A wight (Abyss:3)
  A gnoll (D:5)
  2 foxfires (Swamp:2)
  86 spectral weapons
  13 starspawn tentacles (Abyss:3)
115 creatures vanquished.

Grand Total: 3052 creatures vanquished

Notes
Turn   | Place    | Note
-------+----------+-------------------------------------------
     0 | D:1      | grothendieck the Barachi Ice Elementalist began the quest
                  | for the Orb.
     0 | D:1      | Reached XP level 1. HP: 13/13 MP: 3/3
   343 | D:1      | Reached XP level 2. HP: 19/19 MP: 2/5
   391 | D:1      | Reached skill level 5 in Ice Magic
   453 | D:1      | You fall into a shaft and drop 1 floor!
   458 | D:2      | Identified the +6 scimitar of Icsiqol {spect, +Blink rElec
                  | Int-5 Stlth+}
   610 | D:3      | Reached XP level 3. HP: 24/24 MP: 3/7
   772 | D:3      | Reached skill level 1 in Shields
   772 | D:3      | Reached XP level 4. HP: 30/30 MP: 3/9
   914 | D:3      | Learned a level 3 spell: Frozen Ramparts
   922 | D:3      | Learned a level 3 spell: Ozocubu's Armour
  1291 | D:1      | Found a faded altar of an unknown god.
  1367 | D:1      | Reached XP level 5. HP: 35/35 MP: 8/10
  1897 | D:2      | Learned a level 4 spell: Summon Ice Beast
  2114 | D:2      | Noticed Terence
  2127 | D:2      | Killed Terence
  2432 | D:2      | Noticed Jessica
  2527 | D:3      | Found a shadowy altar of Dithmenos.
  2723 | D:3      | Found an iron altar of Okawaru.
  3011 | D:3      | Found a runed translucent door.
  3012 | D:3      | Noticed Crazy Yiuf
  3138 | D:4      | Found a runed translucent door.
  3138 | D:4      | Noticed vvlvvlvvl's ghost (amateur DsEE)
  3441 | D:4      | Noticed an ogre
  3690 | D:5      | Entered Level 5 of the Dungeon
  3917 | D:5      | Reached skill level 1 in Armour
  3917 | D:5      | Reached XP level 6. HP: 41/41 MP: 5/11
  4315 | D:5      | Reached skill level 1 in Summonings
  4315 | D:5      | Reached XP level 7. HP: 27/46 MP: 6/12
  4540 | D:5      | Reached skill level 1 in Fighting
  4967 | D:6      | Reached skill level 2 in Fighting
  5062 | D:6      | Reached XP level 8. HP: 57/57 MP: 4/14
  5130 | D:6      | Found a glowing drain.
  5161 | D:6      | Reached skill level 3 in Fighting
  5169 | Sewer    | Entered a sewer
  5997 | D:6      | Reached skill level 4 in Fighting
  6263 | D:6      | Reached skill level 5 in Spellcasting
  6321 | D:6      | Reached skill level 5 in Summonings
  6433 | D:6      | Found an ancient bone altar of Kikubaaqudgha.
  6542 | D:6      | Found a stormy altar of Qazlal.
  6556 | D:6      | Reached skill level 5 in Fighting
  6727 | D:6      | Reached XP level 9. HP: 68/68 MP: 11/16
  6983 | D:7      | Reached skill level 6 in Fighting
  7342 | D:7      | Learned a level 2 spell: Lesser Beckoning
  7999 | D:4      | Reached skill level 1 in Translocations
  8203 | D:2      | Killed Jessica
  8354 | D:4      | Killed vvlvvlvvl's ghost
  8355 | D:4      | Reached skill level 7 in Fighting
  9151 | D:7      | Reached skill level 10 in Ice Magic
  9153 | D:7      | Found a staircase to the Ecumenical Temple.
  9166 | Temple   | Entered the Ecumenical Temple
  9357 | Temple   | Became a worshipper of Cheibriados the Contemplative
  9409 | D:7      | Reached skill level 1 in Long Blades
  9627 | D:8      | Noticed a two-headed ogre
  9633 | D:8      | Reached XP level 10. HP: 80/80 MP: 17/17
  9635 | D:8      | Reached * piety under Cheibriados
  9638 | D:8      | Reached skill level 8 in Fighting
  9650 | D:8      | Killed a two-headed ogre
 10093 | D:8      | Reached ** piety under Cheibriados
 10568 | D:9      | Reached skill level 9 in Fighting
 10572 | D:9      | Reached skill level 5 in Long Blades
 10771 | D:9      | Noticed a two-headed ogre
 10787 | D:9      | Killed a two-headed ogre
 10788 | D:9      | Reached skill level 10 in Fighting
 10851 | D:9      | Noticed a two-headed ogre
 10860 | D:9      | Killed a two-headed ogre
 10938 | D:9      | Reached XP level 11. HP: 92/92 MP: 14/18
 11114 | D:9      | Reached skill level 11 in Fighting
 11241 | D:9      | Reached *** piety under Cheibriados
 11390 | D:9      | Reached skill level 1 in Invocations
 11719 | D:10     | Entered Level 10 of the Dungeon
 11805 | D:10     | Found a staircase to the Orcish Mines.
 11805 | D:10     | Found Keschic's Armour Shoppe.
 12003 | D:10     | Reached **** piety under Cheibriados
 12202 | D:10     | Found a staircase to the Lair.
 12270 | D:10     | Noticed a death knight
 12270 | D:10     | Noticed a phantasmal warrior
 12276 | D:10     | Killed a phantasmal warrior
 12401 | D:10     | Found a bloodstained altar of Trog.
 12588 | D:10     | Found a shimmering blue altar of Sif Muna.
 12647 | D:10     | Reached skill level 12 in Fighting
 12722 | D:10     | Found an ornate altar of the Wu Jian Council.
 12884 | D:10     | Learned a level 3 spell: Teleport Other
 12925 | Lair:1   | Entered Level 1 of the Lair of Beasts
 12961 | Lair:1   | Reached skill level 5 in Armour
 13330 | Lair:1   | Reached skill level 5 in Dodging
 13333 | Lair:1   | Reached XP level 12. HP: 74/102 MP: 13/19
 13336 | Lair:1   | Reached ***** piety under Cheibriados
 15576 | D:11     | Noticed a five-headed hydra
 15759 | D:11     | Reached skill level 10 in Long Blades
 15801 | D:11     | Learned a level 5 spell: Irradiate
 15980 | D:11     | Killed a two-headed hydra
 15981 | D:11     | Reached skill level 1 in Conjurations
 16190 | D:11     | Noticed Grum
 16238 | D:12     | Noticed a two-headed ogre
 16291 | D:12     | Found a runed translucent gate.
 16291 | D:12     | Found a runed translucent gate.
 16291 | D:12     | Found a runed translucent gate.
 16292 | D:12     | Noticed a tengu warrior
 16292 | D:12     | Noticed a merfolk impaler
 16298 | D:12     | Noticed a naga warrior
 16299 | D:12     | Noticed ripuliukko's ghost (journeyman GrEE)
 16300 | D:12     | Noticed a naga warrior
 16300 | D:12     | Noticed a tengu warrior
 16301 | D:12     | Noticed a boulder beetle
 16312 | D:12     | Killed a boulder beetle
 16428 | D:12     | Identified the +8 lajatang of Istrifyt {freeze, rC- rCorr
                  | Dex+2}
 16430 | D:12     | Found an iron altar of Okawaru.
 16490 | D:12     | Noticed Jorgrun
 16586 | D:11     | Killed Grum
 17148 | Lair:1   | Reached skill level 1 in Transmutations
 17400 | Lair:1   | Reached skill level 5 in Invocations
 17476 | Lair:2   | Noticed a four-headed hydra
 17481 | Lair:2   | Killed a two-headed hydra
 17517 | Lair:2   | Reached skill level 13 in Fighting
 17523 | Lair:2   | Gained mutation: You can hop long distances. [Barachi
                  | growth]
 17523 | Lair:2   | Reached XP level 13. HP: 74/111 MP: 10/21
 17750 | Lair:2   | Reached ****** piety under Cheibriados
 17825 | Lair:2   | Found a hole to the Spider Nest.
 17955 | Lair:2   | Reached skill level 5 in Conjurations
 19074 | Lair:2   | Found a staircase to the Swamp.
 19705 | Lair:3   | Reached skill level 5 in Transmutations
 19880 | Lair:3   | Noticed a dire elephant
 20102 | Lair:3   | Noticed Amaemon
 20118 | Lair:3   | Killed Amaemon
 21705 | Lair:4   | Reached XP level 14. HP: 103/119 MP: 17/24
 22113 | Lair:5   | Entered Level 5 of the Lair of Beasts
 22220 | Lair:5   | Found a runed translucent door.
 22315 | Lair:5   | Found a staircase to the Slime Pits.
 22316 | Lair:5   | Found a viscous altar of Jiyva.
 22622 | Lair:5   | Learned a level 6 spell: Starburst
 22795 | Lair:4   | Reached skill level 1 in Fire Magic
 22870 | Lair:5   | Reached skill level 14 in Fighting
 24994 | Lair:3   | Killed a dire elephant
 24995 | Lair:3   | Reached skill level 5 in Fire Magic
 24995 | Lair:3   | Reached XP level 15. HP: 61/127 MP: 20/27
 26190 | D:12     | Noticed Josephine
 26271 | D:12     | Killed Jorgrun
 26272 | D:12     | Reached skill level 10 in Conjurations
 26335 | D:12     | Killed Josephine
 27262 | D:13     | Found a portal to a secret trove of treasure.
 27546 | D:13     | Found the +5 Storm Queen's Shield {shock, Fly rElec}
 27552 | D:13     | Found Rab Bumm's General Store.
 27973 | D:14     | Noticed Azrael
 28174 | D:14     | Noticed Snorg
 28329 | D:14     | Killed Snorg
 28467 | D:14     | Killed Azrael
 28543 | D:14     | Noticed Nessos
 28548 | D:14     | Nessos changed into Nessos the lindwurm
 28548 | D:14     | Noticed Nessos
 28556 | D:14     | Killed Nessos the lindwurm
 28988 | D:14     | Found a gate to the Vaults.
 29060 | D:14     | Learned a level 2 spell: Poisonous Vapours
 29079 | D:15     | Entered Level 15 of the Dungeon
 29140 | D:15     | Reached skill level 1 in Poison Magic
 29424 | D:15     | Reached skill level 5 in Shields
 29656 | D:15     | Found Bovaur's Distillery.
 29665 | D:15     | Bought a potion of heal wounds for 70 gold pieces
 30191 | D:15     | Reached XP level 16. HP: 134/134 MP: 28/28
 30540 | D:15     | Gained mutation: You occasionally lose the ability to read
                  | scrolls when taking damage. [a neqoxec]
 30682 | D:15     | Reached skill level 5 in Poison Magic
 30880 | D:15     | Found a staircase to the Depths.
 31639 | Lair:1   | Lost mutation: You occasionally lose the ability to read
                  | scrolls when taking damage. [potion of mutation]
 31639 | Lair:1   | Gained mutation: You expend magic power (3 MP) to
                  | strengthen your wands. [potion of mutation]
 31639 | Lair:1   | Gained mutation: You possess an exceptional clarity of
                  | mind. [potion of mutation]
 31639 | Lair:1   | Gained mutation: You have a somewhat thin skeletal
                  | structure. (Dex +2, Stealth+) [potion of mutation]
 31670 | Orc:1    | Entered Level 1 of the Orcish Mines
 32323 | Orc:2    | Entered Level 2 of the Orcish Mines
 32323 | Orc:2    | Found a bloodstained altar of Trog.
 32526 | Orc:2    | Found a staircase to the Elven Halls.
 32561 | Orc:2    | Reached skill level 15 in Fighting
 32733 | Orc:1    | Noticed Erica
 33075 | Orc:1    | Killed Erica
 33377 | Orc:2    | Found Menlyoxi's Antique Weapon Shop.
 33448 | Orc:2    | Found Cued's General Store.
 33580 | Orc:2    | Bought a scroll of blinking for 105 gold pieces
 34267 | Orc:2    | Found Dikel's Antique Armour Boutique.
 34271 | Orc:2    | Found Ruh Viypp's Antique Weapon Shop.
 34355 | Orc:2    | Bought an ancient scimitar for 252 gold pieces
 34355 | Orc:2    | Identified the +7 scimitar of Dissatisfaction {freeze, Fly
                  | rF- rCorr Dex+5} (You bought it in a shop on level 2 of the
                  | Orcish Mines)
 34425 | D:10     | Bought a +0 helmet of see invisible for 184 gold pieces
 34603 | Swamp:1  | Entered Level 1 of the Swamp
 34934 | Swamp:1  | You are sucked into a shaft and drop 1 floor!
 34934 | Swamp:2  | Noticed Donald
 35128 | Swamp:2  | Identified Roxanne's Papyrus of Permutations
 35128 | Swamp:2  | Noticed Roxanne
 35454 | Swamp:1  | Learned a level 4 spell: Olgreb's Toxic Radiance
 35917 | Swamp:1  | Identified the +4 ring mail of Jocular Mirth {Will+}
 36096 | Swamp:2  | Killed Donald
 36262 | Swamp:2  | Noticed a thorn hunter
 36290 | Swamp:2  | Noticed a thorn hunter
 36423 | Swamp:2  | Reached XP level 17. HP: 51/142 MP: 14/30
 38042 | Swamp:3  | Reached skill level 10 in Spellcasting
 38277 | Swamp:4  | Entered Level 4 of the Swamp
 38277 | Swamp:4  | Noticed Aizul
 38289 | Swamp:3  | Killed Aizul
 38564 | Swamp:4  | Noticed Mara
 39858 | Lair:1   | Learned a level 4 spell: Passage of Golubria
 39927 | Spider:1 | Entered Level 1 of the Spider Nest
 40487 | Spider:1 | Noticed Asterion
 40503 | Spider:1 | Killed Asterion
 40504 | Spider:1 | Reached skill level 5 in Translocations
 40956 | Spider:1 | Noticed Rupert
 41093 | Lair:5   | Reached skill level 10 in Fire Magic
 41207 | Lair:5   | Identified the ring of the Mackerel {*Corrode rC+ Dex+3
                  | SInv}
 41896 | D:12     | Killed ripuliukko's ghost
 41917 | D:12     | Reached XP level 18. HP: 151/151 MP: 20/32
 42146 | Orc:2    | Bought a shiny plate armour for 650 gold pieces
 42363 | Spider:1 | Identified a scroll of acquirement
 42364 | Spider:1 | Acquired the +1 pair of gloves of Ceveigot {Will+ Regen+
                  | Int-2 Stlth+}
 42434 | Spider:1 | Killed Rupert
 43342 | Spider:2 | Reached skill level 16 in Fighting
 43788 | Spider:2 | Reached skill level 10 in Shields
 45484 | Spider:4 | Entered Level 4 of the Spider Nest
 46346 | Spider:4 | Found a transporter.
 46350 | Spider:4 | Noticed zaRGo's ghost (adept MiFi)
 46358 | Spider:4 | Found a transporter.
 46871 | Spider:4 | Reached XP level 19. HP: 159/159 MP: 28/34
 47276 | Spider:4 | Noticed Mlioglotl
 47378 | Spider:4 | Noticed a Hell Sentinel
 47391 | Spider:4 | Killed Mlioglotl
 47392 | Spider:4 | Reached skill level 17 in Fighting
 47795 | Spider:4 | Reached skill level 10 in Armour
 47987 | Spider:4 | Got a gossamer rune of Zot
 47988 | Spider:4 | Identified the +0 hat "Mutuawio" {-Cast Harm Regen+ Str+7}
 48304 | Elf:1    | Entered Level 1 of the Elven Halls
 48664 | Elf:1    | Reached skill level 10 in Invocations
 48879 | Elf:1    | Got the Vellum of the Lumpy Underlurkers
 49821 | Elf:2    | Found a runed translucent gate.
 49821 | Elf:2    | Found a runed translucent gate.
 49822 | Elf:2    | Found a runed translucent gate.
 50283 | Elf:2    | Identified the +1 mace of Egomania {antimagic, Int+5
                  | Stlth+}
 50497 | Elf:2    | Found a radiant altar of Vehumet.
 50812 | Elf:2    | Identified the +0 leather armour "Obac" {rC++ Str+2}
 51013 | Elf:3    | Entered Level 3 of the Elven Halls
 51047 | Elf:3    | Found a magical portal.
 51072 | WizLab   | Entered Eringya's Formal Garden
 51469 | WizLab   | Identified the staff of earth "Onwo" {rN++ Int+2 Dex+2
                  | SInv}
 51519 | WizLab   | Reached skill level 18 in Fighting
 51577 | WizLab   | Reached XP level 20. HP: 163/170 MP: 35/35
 52143 | WizLab   | Found a blossoming altar of Fedhas.
 52582 | Elf:3    | Learned a level 6 spell: Plasma Beam
 52671 | Elf:3    | Reached skill level 1 in Air Magic
 53485 | Elf:3    | Reached skill level 10 in Dodging
 53614 | Elf:3    | Reached skill level 5 in Air Magic
 53727 | Elf:3    | Identified the ring "Dyaj" {*Corrode *Slow +Blink rC+
                  | Str+8}
 53731 | Elf:3    | Identified the +6 rapier of Hoferr {flame, Will+}
 53837 | Elf:3    | Identified the +10 flail of the Egg {spect, Fragile rPois
                  | rCorr}
 54195 | Elf:3    | Identified the +0 flail "Hikkaopt" {elec, rElec MP+9}
 54202 | Elf:3    | Noticed a Brimstone Fiend
 54219 | Elf:3    | Identified the ring "Koumad" {Fly rElec rN+ Int-2 SInv}
 54231 | Elf:3    | Reached skill level 19 in Fighting
 54539 | Elf:3    | Identified the staff of death "Lynot" {rN+ rCorr Int+3}
 54563 | Elf:3    | Identified the staff of death "Raobleyhemm" {rElec rC+++
                  | rN+ rCorr}
 54568 | Elf:3    | Identified the +2 scale mail of Majayderu {Str+3}
 54839 | Vaults:1 | Entered Level 1 of the Vaults
 55071 | D:14     | Found a gate to the Vaults.
 55310 | Vaults:1 | Found Ilaxtox's General Store.
 55405 | D:13     | You paid a toll of 17 potions of curing to enter a treasure
                  | trove
 55406 | Trove    | Entered a treasure trove
 55436 | Trove    | Identified the +5 hand axe "Joejeg" {heavy, Will- Str+2
                  | Dex+2}
 55448 | Trove    | Identified the +5 dagger of Geuskod {vamp, rPois Will+
                  | Str-3 Int+5}
 55450 | Trove    | Identified the +10 short sword of Sidghyaci {vamp, rF+++
                  | rC- Str-5 SInv}
 55460 | Trove    | Identified the +6 hand axe "Soekulaf" {pain, rF+}
 55462 | Trove    | Identified the +8 mace "Quusuh" {pain, rN+}
 55464 | Trove    | Identified the +4 mace of Deflation {pain, Dex+2}
 55466 | Trove    | Identified the +3 whip of Tekh {pain, Str+6 SInv}
 55478 | Trove    | Identified the +3 spear "Xeyklyla" {protect, *Slow Str+2
                  | Int+6}
 56164 | Vaults:1 | Found a huge runed gate.
 56164 | Vaults:1 | Found a huge runed gate.
 56164 | Vaults:1 | Found a huge runed gate.
 56164 | Vaults:1 | Found a huge runed gate.
 56164 | Vaults:1 | Found a huge runed gate.
 56164 | Vaults:1 | Found a huge runed gate.
 56164 | Vaults:1 | Found a huge runed gate.
 56165 | Vaults:1 | Found a huge runed gate.
 56165 | Vaults:1 | Found a huge runed gate.
 56165 | Vaults:1 | Found a huge runed gate.
 56165 | Vaults:1 | Found a huge runed gate.
 56165 | Vaults:1 | Found a huge runed gate.
 56165 | Vaults:1 | Found a huge runed gate.
 56166 | Vaults:1 | Found a huge runed gate.
 56167 | Vaults:1 | Found a huge runed gate.
 56185 | Vaults:1 | Found a huge runed gate.
 56185 | Vaults:1 | Found a huge runed gate.
 56186 | Vaults:1 | Found a huge runed gate.
 56187 | Vaults:1 | Found a huge runed gate.
 56249 | Vaults:1 | Reached XP level 21. HP: 181/181 MP: 26/36
 56613 | Vaults:1 | Found a huge runed gate.
 56613 | Vaults:1 | Found a huge runed gate.
 56613 | Vaults:1 | Found a huge runed gate.
 56613 | Vaults:1 | Found a huge runed gate.
 56613 | Vaults:1 | Found a huge runed gate.
 56613 | Vaults:1 | Found a huge runed gate.
 56613 | Vaults:1 | Found a huge runed gate.
 56613 | Vaults:1 | Found a huge runed gate.
 56614 | Vaults:1 | Found a huge runed gate.
 56626 | Vaults:1 | Found a huge runed gate.
 56626 | Vaults:1 | Found a huge runed gate.
 56626 | Vaults:1 | Found a huge runed gate.
 56626 | Vaults:1 | Found a huge runed gate.
 56626 | Vaults:1 | Found a huge runed gate.
 56626 | Vaults:1 | Found a huge runed gate.
 56626 | Vaults:1 | Found a huge runed gate.
 56626 | Vaults:1 | Found a huge runed gate.
 58023 | Vaults:2 | Reached skill level 10 in Air Magic
 58340 | Vaults:2 | Reached skill level 20 in Fighting
 58886 | Vaults:2 | Found a staircase to the Crypt.
 59026 | Vaults:2 | Found Ehachaw's Assorted Antiques.
 59799 | Vaults:3 | Found Qugipp's General Store.
 60321 | Vaults:3 | Reached XP level 22. HP: 190/190 MP: 29/38
 61037 | Vaults:4 | Learned a level 5 spell: Summon Mana Viper
 61393 | Vaults:4 | Reached skill level 1 in Hexes
 61866 | Vaults:4 | Found Esiephas's Armour Boutique.
 62000 | Vaults:4 | Noticed Saint Roka
 62018 | Vaults:4 | Noticed Margery
 62393 | Vaults:4 | Killed Margery
 62497 | Vaults:4 | Killed Saint Roka
 63055 | Depths:1 | Entered Level 1 of the Depths
 63408 | Depths:1 | Found a one-way gate to the infinite horrors of the Abyss.
 63409 | Depths:1 | Noticed Louise
 63716 | Depths:1 | Killed Louise
 63894 | Depths:1 | Noticed Bai Suzhen
 63916 | Depths:1 | Killed Bai Suzhen
 64216 | Depths:1 | Noticed Nikola
 64305 | Depths:1 | Reached XP level 23. HP: 196/199 MP: 28/40
 64363 | Depths:1 | Found a radiant altar of Vehumet.
 64378 | Depths:1 | Killed Nikola
 64835 | Depths:1 | Found a gateway to Hell.
 65503 | Depths:2 | Found a one-way gate leading to the halls of Pandemonium.
 65680 | Depths:2 | Found a runed translucent door.
 65687 | Depths:2 | Found a runed translucent door.
 65823 | Depths:2 | Reached skill level 21 in Fighting
 66286 | Depths:3 | Found Barch's Antique Weapon Boutique.
 66916 | Depths:3 | Found Vasogyti's Book Boutique.
 66926 | Depths:3 | Reached skill level 15 in Fire Magic
 67032 | Depths:3 | Noticed Jory
 67045 | Depths:3 | Killed Jory
 67328 | Depths:3 | Noticed a juggernaut
 67376 | Depths:4 | Entered Level 4 of the Depths
 68194 | Depths:4 | Noticed Boris
 68281 | Depths:3 | Killed a juggernaut
 68499 | Depths:3 | Found Gixkeb's Antique Weapon Boutique.
 68985 | Depths:4 | Noticed Parghit
 70007 | Spider:4 | Reached XP level 24. HP: 194/208 MP: 40/41
 70007 | Spider:4 | Killed zaRGo's ghost
 70033 | Spider:4 | Identified the +5 war axe "Fufafiepn" {vamp, Dex+3 Stlth+}
 71162 | Lair:1   | Learned a level 4 spell: Manifold Assault
 71347 | Swamp:2  | Killed Roxanne
 71687 | Swamp:4  | Noticed grothendieck's illusion
 71951 | Swamp:4  | Noticed grothendieck's illusion
 72084 | Swamp:4  | Noticed grothendieck's illusion
 72312 | Swamp:4  | Killed Mara
 72682 | Swamp:4  | Reached skill level 15 in Air Magic
 72723 | Swamp:4  | Found a blossoming altar of Fedhas.
 72732 | Swamp:4  | Found a basalt altar of Yredelemnul.
 72951 | Swamp:4  | Got a decaying rune of Zot
 73263 | D:3      | Killed Crazy Yiuf
 74546 | Lair:1   | Learned a level 8 spell: Maxwell's Capacitive Coupling
 74554 | Lair:1   | Learned a level 5 spell: Silence
 74556 | Lair:1   | Learned a level 1 spell: Apportation
 74687 | Slime:1  | Entered Level 1 of the Pits of Slime
 74942 | Slime:2  | Gained mutation: Your body sometimes deteriorates upon
                  | taking damage. [a shining eye]
 75602 | Slime:3  | Gained mutation: You are clumsy. (Dex -2) [a shining eye]
 75605 | Slime:3  | Gained mutation: You are weak. (Str -2) [a shining eye]
 76131 | Slime:5  | Entered Level 5 of the Pits of Slime
 76226 | Slime:4  | Gained mutation: You have sharp toenails. [a shining eye]
 76656 | Slime:5  | Noticed the Royal Jelly
 77227 | Slime:5  | Found the +4 skin of Zhor {*Englaciate rC+++ SInv}
 77325 | Slime:5  | Killed the Royal Jelly
 77326 | Slime:5  | Reached skill level 15 in Spellcasting
 77326 | Slime:5  | Reached XP level 25. HP: 215/215 MP: 34/42
 77470 | Slime:5  | Found the -2 hat of the Alchemist {rElec rPois rF+ rC+ rN+
                  | Will+ rMut rCorr}
 77922 | Slime:5  | Identified the +5 quarterstaff of Subjectivity {drain,
                  | Fragile rF+ Dex+2}
 77927 | Slime:5  | Identified the staff of conjuration "Alyoreb" {rF- Will+++
                  | Str-4 Stlth+}
 77945 | Slime:5  | Identified the staff of fire "Xaepuy" {*Slow rF+ Will+
                  | Dex+7}
 77950 | Slime:5  | Identified the staff of cold "Jyurorum" {rC+ Will+++}
 77980 | Slime:5  | Identified the ring of Exhibitionism {Drain Fly rPois SInv}
 78006 | Slime:5  | Identified the +0 robe of Bide {Rampage Will+}
 78019 | Slime:5  | Got a slimy rune of Zot
 78020 | Slime:5  | Identified the +2 ring mail "Yttaen" {Stlth+}
 78219 | Slime:5  | Got the Tractate on Companions and the Hornet
 78472 | Lair:1   | Learned a level 3 spell: Vhi's Electric Charge
 78692 | Depths:4 | Killed Parghit
 79435 | Depths:4 | Identified the ring of Lekafesh {rElec rN+}
 80406 | Depths:4 | Killed Boris
 80508 | Depths:4 | Found a hide-covered altar of Uskayaw.
 80742 | Depths:4 | Found a one-way gateway to a ziggurat.
 80814 | Depths:4 | Found a gate to the Realm of Zot.
 81914 | Vaults:1 | Reached skill level 15 in Conjurations
 82191 | Crypt:1  | Entered Level 1 of the Crypt
 82421 | Crypt:1  | Noticed a dread lich
 82427 | Crypt:1  | Killed a dread lich
 82430 | Crypt:1  | Identified the +2 robe of Tartarus {Will+}
 82668 | Crypt:1  | Reached skill level 22 in Fighting
 82884 | Crypt:1  | Identified the +0 leather armour of Vehumet, Ageing {Int+2}
 83319 | Crypt:2  | Found a runed translucent door.
 83321 | Crypt:2  | Noticed Hynnuzim's ghost (veteran CeHu)
 83561 | Crypt:2  | Reached skill level 10 in Summonings
 84067 | Crypt:2  | Reached XP level 26. HP: 224/224 MP: 42/42
 84219 | Crypt:3  | Entered Level 3 of the Crypt
 84261 | Crypt:3  | Identified the +4 hand axe of Dim Light {flame, rF+ Str+6}
 84342 | Crypt:3  | Reached skill level 10 in Translocations
 84893 | Crypt:3  | Found a staircase to the Tomb.
 85170 | Crypt:3  | Noticed an ancient lich
 85182 | Crypt:3  | Killed an ancient lich
 85311 | Crypt:3  | Found a basalt altar of Yredelemnul.
 85358 | Crypt:3  | Identified the +1 chain mail of Painted Wonder {-Cast rN+
                  | Regen+ Str+3}
 85358 | Crypt:3  | Identified the ring of Xom's Attic {rF+ rN+}
 85420 | Crypt:3  | Identified the scarf of Curiosity {+Inv, Rampage rF+ Will+}
 85421 | Crypt:3  | Identified the ring of Xarevaph {rN+ Str+2}
 85421 | Crypt:3  | Identified the ring of Xoco {rN+ Int+4}
 85431 | Crypt:3  | Identified the staff of conjuration "Orez" {rPois rC+
                  | Int+3}
 85801 | Crypt:3  | Reached skill level 5 in Hexes
 86152 | Vaults:2 | Bought a potion of might for 136 gold pieces
 86152 | Vaults:2 | Bought a scroll of enchant armour for 255 gold pieces
 86152 | Vaults:2 | Bought a scroll of teleportation for 102 gold pieces
 86153 | Vaults:2 | Bought a scroll of vulnerability for 136 gold pieces
 86153 | Vaults:2 | Bought a scroll of immolation for 136 gold pieces
 86203 | Vaults:1 | Bought a scroll of fear for 56 gold pieces
 86203 | Vaults:1 | Bought a scroll of fog for 56 gold pieces
 86203 | Vaults:1 | Bought a potion of ambrosia for 112 gold pieces
 86275 | D:15     | Bought a potion of brilliance for 56 gold pieces
 86275 | D:15     | Bought a potion of brilliance for 56 gold pieces
 86275 | D:15     | Bought a potion of magic for 112 gold pieces
 86275 | D:15     | Bought a potion of resistance for 140 gold pieces
 86275 | D:15     | Bought a potion of might for 56 gold pieces
 86275 | D:15     | Bought a potion of mutation for 112 gold pieces
 86275 | D:15     | Bought a potion of might for 56 gold pieces
 86275 | D:15     | Bought a potion of mutation for 112 gold pieces
 86338 | D:13     | Bought a potion of curing for 45 gold pieces
 86338 | D:13     | Bought a scroll of immolation for 60 gold pieces
 86498 | Depths:3 | Bought a book of Burglary for 260 gold pieces
 86498 | Depths:3 | Bought a Grand Grimoire for 442 gold pieces
 86501 | Depths:3 | Learned a level 2 spell: Passwall
 86521 | Depths:3 | Learned a level 7 spell: Malign Gateway
 86959 | Vaults:5 | Entered Level 5 of the Vaults
 86962 | Vaults:5 | Noticed Boris
 87122 | Vaults:5 | Noticed an ancient lich
 87129 | Vaults:5 | Killed Boris
 87312 | Vaults:5 | Noticed a dread lich
 87323 | Vaults:5 | Killed a dread lich
 87428 | Vaults:5 | Identified the +5 morningstar of the Five Beds {spect,
                  | Int+4 Dex-2 Stlth+}
 87430 | Vaults:5 | Identified the +4 scale mail of Absence {rF+}
 87680 | Vaults:5 | Identified the +1 leather armour of the Merchant {rPois
                  | Regen+ Stlth+}
 87781 | Vaults:5 | Killed an ancient lich
 87782 | Vaults:5 | Reached XP level 27. HP: 214/233 MP: 43/43
 87877 | Vaults:5 | Reached skill level 15 in Armour
 88133 | Vaults:5 | Reached skill level 23 in Fighting
 88189 | Vaults:5 | Noticed a dread lich
 88207 | Vaults:5 | Killed a dread lich
 88229 | Vaults:5 | Identified the +9 morningstar of Fatubaz {venom, rF+}
 88229 | Vaults:5 | Identified the ring of Awe {Wiz Slay+2}
 88233 | Vaults:5 | Identified the +1 leather armour of Undesirable Species
                  | {rElec rC+ Int+3 Dex-2}
 88270 | Vaults:5 | Noticed an ancient lich
 88277 | Vaults:5 | Killed an ancient lich
 88392 | Vaults:5 | Got a silver rune of Zot
 88458 | Vaults:5 | Identified the +5 shortbow of Sizison {drain, rN+ Will+}
 88598 | Vaults:5 | Identified the +1 scale mail of Dishonesty {Contam +Inv
                  | Dex+3 Slay+2}
 89251 | Depths:3 | Bought the Compilation of the Salmon for 624 gold pieces
 89267 | Depths:3 | Voluntarily entered the Abyss.
 89445 | Abyss:3  | Paralysed by accursed screaming for 1 turns
 89669 | Abyss:3  | Found a corrupted altar of Lugonu.
 90109 | Abyss:3  | Paralysed by accursed screaming for 1 turns
 90181 | Abyss:3  | Found a corrupted altar of Lugonu.
 90273 | Abyss:3  | Reached skill level 15 in Summonings
 90339 | Abyss:3  | Gained mutation: Your magical capacity is low. (-10% MP) [a
                  | cacodemon]
 90511 | Abyss:3  | Got an abyssal rune of Zot
 90530 | Depths:3 | Escaped the Abyss
 90573 | Zot:1    | Entered Level 1 of the Realm of Zot
 90573 | Zot:1    | Found a broken altar of Ashenzari.
 91059 | Zot:1    | Identified the staff of fire "Icsass" {rF+ Dex+3}
 91578 | Zot:2    | Noticed an orb of fire
 91928 | Zot:2    | Killed an orb of fire
 92889 | Zot:3    | Found a runed translucent door.
 92889 | Zot:3    | Noticed reasonance's ghost (legendary DsFi)
 93321 | Zot:3    | Reached skill level 24 in Fighting
 93753 | Zot:4    | Reached skill level 15 in Shields
 94424 | Zot:5    | Entered Level 5 of the Realm of Zot
 94492 | Zot:5    | Found a runed translucent door.
 94502 | Zot:5    | Noticed mihai's ghost (legendary MiFi)
 95325 | Zot:5    | Found a runed translucent door.
 95632 | Zot:5    | Killed mihai's ghost
 95770 | Zot:5    | Noticed an orb of fire
 96541 | Zot:5    | Noticed an orb of fire
 96547 | Zot:5    | Killed an orb of fire
 96731 | Zot:5    | Noticed an orb of fire
 96741 | Zot:5    | Gained mutation: Armour fits poorly on your strangely
                  | shaped body. [an orb of fire]
 96743 | Zot:5    | Killed an orb of fire
 97061 | Zot:4    | Lost mutation: You are weak. (Str -2) [potion of mutation]
 97061 | Zot:4    | Lost mutation: You possess an exceptional clarity of mind.
                  | [potion of mutation]
 97061 | Zot:4    | Gained mutation: You are weak. (Str -2) [potion of
                  | mutation]
 97061 | Zot:4    | Gained mutation: You are somewhat resistant to further
                  | mutation. [potion of mutation]
 97061 | Zot:4    | Gained mutation: Your flesh is heat resistant. (rF+)
                  | [potion of mutation]
 97062 | Zot:4    | Lost mutation: Your flesh is heat resistant. (rF+) [potion
                  | of mutation]
 97062 | Zot:4    | Lost mutation: Armour fits poorly on your strangely shaped
                  | body. [potion of mutation]
 98514 | Zot:5    | Killed an orb of fire
 99414 | Zot:5    | Learned a level 9 spell: Fire Storm
 99693 | Zot:3    | Killed reasonance's ghost
 99808 | Zot:5    | Got the Orb of Zot
100001 | Depths:1 | Reached skill level 25 in Fighting
100141 | D:8      | Noticed Yxaiduan the pandemonium lord
100333 | D:$      | Escaped with the Orb!

Illustrated notes

Levels and vault maps discovered:
D:1:      ncdulo_watergridlock, layout_loops_ring,
          hellmonk_ecumenical_altar_defaced_shrine
D:2:      layout_basic, uniq_terence, uniq_jessica
D:3:      layout_loops_ring, general_overflow_altar,
          mainiacjoe_overflow_six_doors_small, uniq_crazy_yiuf_cottage
D:4:      layout_basic, gammafunk_ghost_grave
D:5:      layout_gridville, minmay_misc_feat_hallway
D:6:      minmay_angry_zag, layout_loops_ring, nicolae_qazlal_eye_of_the_storm,
          kennysheep_mini, portal_sewer_entry_b, minmay_strange_pillars,
          minmay_misc_feat_chi, minmay_fountain_box
D:7:      layout_basic, minmay_temple_entry_butterflies, nicolae_hexahallways
D:8:      layout_basic
D:9:      layout_irregular_city
D:10:     layout_small_grid, mainiacjoe_overflow_boulevard,
          mainiacjoe_overflow_alcove_2, lemuel_tele_altar,
          hellmonk_lair_entry_icy, orc_david_3
D:11:     layout_grid_maze, uniq_grum
D:12:     layout_loops_ring, gammafunk_ghost_fury_of_okawaru, uniq_jorgrun,
          uniq_josephine
D:13:     layout_rooms, nicolae_trove_entry_crossroad, serial_shops, shop
D:14:     layout_rooms, skrybe_vaults_entry_preservation,
          hangedman_decor_diamond_cutter, uniq_azrael, uniq_snorg, uniq_nessos
D:15:     gammafunk_enter_depths_forms, layout_irregular_city, serial_demonic,
          serial_demonic_f, serial_demonic_a, serial_demonic_g,
          serial_demonic_e, serial_demonic_g, serial_demonic_b,
          serial_demonic_c, serial_demonic_a, minmay_misc_feat_iff,
          serial_shops, shop
Temple:   bh_familiar_temple
Lair:1:   layout_cave_pods, serial_bayou_shore_b, grunt_megastairs_5,
          serial_bayou_shore_b, infiniplex_staircase_pool, lemuel_fruit_tree,
          lemuel_fruit_fields
Lair:2:   layout_regular_city, minmay_swamp_entry_worms,
          spider_nest_entry_web_field, gammafunk_lair_bear_cave,
          grunt_megastairs_2
Lair:3:   layout_cave_pods, nicolae_lair_grazing_beasts
          [nicolae_sub_lair_graze_edge, nicolae_sub_lair_graze_edge,
          nicolae_sub_lair_graze_edge, nicolae_sub_lair_graze_edge],
          grunt_megastairs_4, serial_bayou_shore_b, uniq_amaemon
Lair:4:   layout_layer_cave, st_stairs_5, chequers_serial_rivers_micro_e,
          eino_house_with_fridge
Lair:5:   hangedman_lair_in_review, layout_regular_city, wormcave, slime_entry_1
Swamp:1:  layout_basic_swamp, hangedman_swamp_ruin_wall, swamp_pool4
Swamp:2:  layout_basic_swamp, serial_swamp_ruin, evilmike_swamp_ruin_rubble_1,
          evilmike_swamp_ruin_house_5, swamp_pool1, nicolae_swamp_no_escape,
          uniq_donald, uniq_roxanne
Swamp:3:  layout_basic_swamp, infiniplex_staircase_pool_2
Swamp:4:  byrel_swamp_growth_death_and_undeath, layout_basic_swamp, uniq_aizul,
          uniq_mara
Spider:1: layout_spider_delve, nicolae_spider_moth_buddies, uniq_asterion,
          uniq_rupert
Spider:2: layout_cave_pods
Spider:3: layout_spider_delve
Spider:4: floodkiller_spider_rune_tomb, gammafunk_ghost_mausoleum,
          uniq_mlioglotl
Slime:1:  layout_caves
Slime:2:  layout_caves
Slime:3:  layout_caves
Slime:4:  layout_caves
Slime:5
Orc:1:    nicolae_orc_accident_2, layout_caves, uniq_erica
Orc:2:    grunt_orc_community_town_hall, layout_caves,
          grunt_orc_community_big_house_1, grunt_orc_community_big_house_1,
          grunt_orc_community_house_1, grunt_orc_community_house_2,
          grunt_orc_community_house_1, grunt_orc_community_house_3, basic_altar
Elf:1:    elf_arrival_002, layout_loops_corners, minmay_elf_demonology
Elf:2:    nicolae_elf_blades_splatter_lattice [nicolae_blade_entry_pointy_end],
          layout_geoelf_grid, basic_altar
Elf:3:    minmay_elf_hall_x, layout_geoelf_diagonals,
          infiniplex_enter_wizlab_water, minmay_crystal_room
Vaults:1: door_vault, ontoclasm_vaults_claustrophobia, v_rooms_4,
          hangedman_vaults_cutoff, hangedman_vaults_corner_blocks,
          vaults_room_corners, vaults_room_octagon,
          nicolae_vaults_little_squares_3, v_misc_2,
          nicolae_vaults_cornered_office, ontoclasm_vaults_eye,
          nicolae_vaults_lightning_bolt, grunt_vaults_focal, vaults_room_pools,
          nicolae_vaults_oval_intersection, vaults_room_large_hall,
          layout_vaults_maze_bifur, serial_shops, shop
Vaults:2: nicolae_vaults_storage_closets_1, nicolae_vaults_prndl,
          hangedman_vaults_hat, nicolae_vaults_closet_pinwheel_2,
          nicolae_vaults_security_offices_2,
          vaults_standard_mumra_enter_the_diamond, hangedman_vaults_nails,
          layout_vaults_ring, minmay_crypt_entry_simple_round, serial_shops,
          nicolae_square_shop
Vaults:3: dpeg_vaults_monster_box, serial_ice_g, nicolae_vaults_network_s,
          vaults_dpeg_emergency_exit, ontoclasm_vaults_twist, vaults_room_pool,
          v_misc_11, nicolae_vaults_spaceships, layout_vaults_omnigrid,
          serial_shops, shop
Vaults:4: v_misc_26, nicolae_vaults_stepped_doors, hangedman_vaults_slice,
          nicolae_vaults_sesquioval_fish, vaults_standard_mumra_x,
          nicolae_vaults_taking_the_gang_shopping, v_misc_22, vaults_dpeg_cross,
          nicolae_vaults_prndl, nicolae_vaults_security_offices_6,
          nicolae_vaults_trapezoid_lopsided_2, nicolae_vaults_house_1, v_misc_8,
          nicolae_vaults_double_plus_1, layout_vaults_omnicross, uniq_margery,
          uniq_saint_roka
Vaults:5
Crypt:1:  layout_rooms, small_chamber_with_monster, st_stairs_10, minivault_5,
          minmay_misc_feat_alley, st_shrine_of_skulls, lemuel_upstairs_altar
Crypt:2:  layout_regular_city, hellmonk_ghost_big_iron, st_stairs_9,
          grunt_ministairs_8, lemuel_dead_fish_pool
Crypt:3:  church_of_pain_bobbens, layout_chaotic_city, st_stairs_11
Depths:1: layout_gridville, hellmouth_3, nicolae_abyss_entry_one_way_or_another,
          st_stairs_2, minivault_15, grunt_ministairs_15, minmay_holes,
          nicolae_vehumet_altar_sigil, uniq_bai_suzhen, uniq_nikola
Depths:2: thingy_vault_2, layout_basic, grunt_pan_entry_zigzag,
          minmay_room_of_horrors, hell_entry, hangedman_decor_push,
          infiniplex_staircase_hallway_doors
Depths:3: cheibrodos_hall_of_evolution, layout_cave_pools, hell_entry,
          rand_demon_pan_entry_9, abyss_entry, serial_shops,
          nicolae_diamond_shop, shop, shop, nicolae_titane,
          serial_bayou_shore_a, uniq_jory
Depths:4: evilmike_zot_entry_diamond, layout_gridlike, enter_ziggurat_e,
          hell_entry, minmay_misc_feat_secret_circle, nicolae_uskayaw_suspiria,
          uniq_boris, uniq_parghit
Zot:1:    kennysheep_six_static_rooms, layout_misc_corridors, basic_altar,
          st_stairs_8, kennysheep_underground_church, uniq_grunn
Zot:2:    layout_basic
Zot:3:    layout_onion_interference, ebering_ghost_reflecting_pool,
          guppyfry_library_mini
Zot:4:    layout_onion_interference, hangedman_zot_diagonal_lockstep
Zot:5:    layout_gridlike, ebering_ghost_reflecting_pool

Skill      XL: |  1  2  3  4  5  6  7  8  9 10 11 12 13 14 15 16 17 18 19 20 21 22 23 24 25 26 27 |
---------------+----------------------------------------------------------------------------------+-----
Ice Magic      | 5 6 7 8 10 | 10.0
Spellcasting   | 3 4 5 6 8 9 10 11 12 13 14 15 16 | 16.7
Shields        | 1 2 3 4 5 8 9 10 11 12 13 15 | 15.0
Stealth        | 2 |  2.3
Armour         | 1 2 5 6 7 8 10 11 12 13 14 17 | 17.0
Summonings     | 1 3 5 6 7 8 10 13 15 | 15.0
Fighting       | 2 5 7 10 12 13 14 15 16 18 19 20 21 22 25 | 25.0
Translocations | 3 4 5 7 8 9 11 13 | 13.4
Long Blades    | 2 7 8 10 11 12 13 14 | 14.0
Invocations    | 3 5 6 7 9 10 11 12 | 12.0
Dodging        | 5 6 7 8 10 12 | 12.7
Conjurations   | 4 7 9 11 13 14 15 19 | 19.1
Transmutations | 2 6 7 |  7.3
Fire Magic     | 5 7 10 11 13 15 16 19 | 19.8
Poison Magic   | 3 8 |  8.0
Air Magic      | 8 10 11 14 18 19 | 19.4
Hexes          | 3 5 |  5.6

Action                     |  1- 3 |  4- 6 |  7- 9 | 10-12 | 13-15 | 16-18 | 19-21 | 22-24 | 25-27 || total
---------------------------+-------+-------+-------+-------+-------+-------+-------+-------+-------++-------
  Melee: Scimitar          |     3 |    88 |   157 |   282 |   648 |   759 |   435 |       |       ||  2372
         Unarmed           |     1 |       |       |       |       |       |       |       |       ||     1
         Demon blade       |       |       |       |       |       |       |   423 |  1241 |  2622 ||  4286
  Throw: Stone             |       |       |     3 |     4 |       |       |     3 |       |       ||    10
         Dart              |       |       |       |    12 |     2 |       |       |       |       ||    14
   Cast: Freeze            |    25 |    36 |     2 |       |     3 |       |       |       |       ||    66
         Frozen Ramparts   |       |    16 |    60 |    69 |   124 |   115 |   118 |    94 |    71 ||   667
         Ozocubu's Armour  |       |     5 |     3 |    17 |    31 |    18 |       |     1 |       ||    75
         Lesser Beckoning  |       |       |     4 |     5 |    39 |    85 |   158 |   123 |   157 ||   571
         Summon Ice Beast  |       |       |     2 |    15 |     6 |    15 |    36 |    13 |     8 ||    95
         Teleport Other    |       |       |       |     3 |     7 |     1 |     1 |       |       ||    12
         Irradiate         |       |       |       |       |     3 |     3 |       |     1 |       ||     7
         Poisonous Vapours |       |       |       |       |       |   225 |    11 |    33 |       ||   269
         Olgreb's Toxic Ra |       |       |       |       |       |   128 |   138 |    81 |       ||   347
         Starburst         |       |       |       |       |       |     2 |    19 |     6 |     9 ||    36
         Plasma Beam       |       |       |       |       |       |       |    11 |    80 |    66 ||   157
         Manifold Assault  |       |       |       |       |       |       |       |    90 |    43 ||   133
         Maxwell's Capacit |       |       |       |       |       |       |       |     1 |     7 ||     8
         Passage of Golubr |       |       |       |       |       |       |       |       |    12 ||    12
         Silence           |       |       |       |       |       |       |       |       |     3 ||     3
         Vhi's Electric Ch |       |       |       |       |       |       |       |       |    27 ||    27
         Passwall          |       |       |       |       |       |       |       |       |    18 ||    18
         Malign Gateway    |       |       |       |       |       |       |       |       |     1 ||     1
         Fire Storm        |       |       |       |       |       |       |       |       |     1 ||     1
 Invoke: Slouch            |       |       |       |       |     1 |     1 |     1 |     1 |       ||     4
         Temporal Distorti |       |       |       |       |       |       |     1 |     1 |       ||     2
Ability: Hop               |       |     1 |       |     3 |    15 |    19 |    14 |    13 |    24 ||    89
  Evoke: Wand              |       |       |     4 |       |     4 |     1 |     1 |       |     3 ||    13
         Lightning rod     |       |       |       |       |       |       |       |       |     1 ||     1
    Use: Scroll            |       |    17 |     3 |     5 |    11 |     9 |     6 |     7 |    26 ||    84
         Potion            |       |       |       |     1 |     1 |     2 |       |       |     7 ||    11
   Stab: Sleeping          |       |     1 |     4 |     2 |     1 |     4 |     3 |       |       ||    15
         Distracted        |       |       |       |     2 |     8 |    21 |    27 |    35 |    92 ||   185
 Armour: Robe              |     3 |     6 |       |       |       |       |       |       |       ||     9
         Leather armour    |       |     2 |    24 |    20 |    39 |       |       |       |       ||    85
         Troll leather arm |       |       |       |    19 |       |       |       |       |       ||    19
         Chain mail        |       |       |       |    35 |    60 |    29 |       |    13 |       ||   137
         Ring mail         |       |       |       |       |       |   111 |   131 |    16 |    14 ||   272
         Skin              |       |       |       |       |       |     2 |       |       |       ||     2
         Plate armour      |       |       |       |       |       |       |       |   163 |   610 ||   773
  Dodge: Dodged            |    16 |    72 |    87 |   263 |   421 |   305 |   378 |   426 |   765 ||  2733
  Block: Buckler           |       |    20 |    35 |   107 |   168 |       |       |       |       ||   330
         Kite shield       |       |       |       |       |   147 |   625 |   691 |   766 |  1587 ||  3816
